Map: Abyssal Reef LE

Players

mLty - Winner!

  • Race: Zerg Zerg
  • League: Diamond
  • Spawn Location: 5:00

RemindFox

  • Race: Zerg Zerg
  • League: Platinum
  • Spawn Location: 11:00

VOD

Have the link to the VOD?

Description

Time

  • Played on: Dec. 7, 2017, 5:10 p.m.
  • Length: 28:43
Show
View Real Time Build Order
Export as new Build Order

mLty Zerg - Winner!

Build Orders: Hatch First 

Get SALT Encoding   

  12  0:01  Drone  
  13  0:13  Overlord  
  13  0:17  Drone  
  14  0:31  Drone x2  
  17  0:35  Drone  
  17  0:53  Hatchery  
  17  0:56  Drone  
  17  0:58  Drone  
  18  1:11  Extractor  
  17  1:13  Spawning Pool  
  17  1:16  Drone  
  17  1:19  Drone  
  18  1:29  Drone  
  19  1:45  Overlord  
  19  2:04  Zergling x4  
  19  2:05  Queen x2  
  19  2:06  Zergling x2  
  26  2:10  Metabolic Boost  
  26  2:13  Drone  
  27  2:17  Drone  
  27  2:22  Drone  
  29  2:29  Drone  
  30  2:33  Drone, Baneling Nest  
  29  2:52  Hatchery  
  28  3:02  Zergling x8  
  32  3:10  Zergling x4  
  34  3:13  Pneumatized Carapace  
  34  3:19  Queen  
  36  3:27  Overlord  
  35  3:40  Zergling x4  
  34  3:41  Baneling x3  
  34  3:43  Zergling x2  
  35  3:49  Drone x4  
  39  3:57  Roach Warren  
  37  4:15  Zergling x14  
  40  4:27  Drone x3  
  40  4:30  Drone x2  
  45  4:31  Extractor  
  45  4:37  Extractor  
  43  4:58  Drone x7  
  50  5:00  Overlord  
  50  5:01  Overlord  
  50  5:05  Lair  
  50  5:12  Baneling x4  
  50  5:29  Roach  
  50  5:30  Roach x5  
  62  5:47  Roach x2  
  66  5:50  Overlord x3  
  66  6:03  Evolution Chamber, Glial Reconstitution  
  65  6:05  Evolution Chamber  
  65  6:09  Roach x3  
  66  6:32  Drone  
  64  6:33  Drone x7  
  64  6:34  Drone x2  
  64  6:38  Drone x4  
  77  6:44  Zerg Missile Weapons Level 1  
  77  6:47  Drone x2  
  78  6:49  Extractor  
  78  6:50  Drone  
  79  6:54  Roach  
  79  7:01  Zerg Ground Armor Level 1  
  81  7:08  Overlord x3  
  81  7:14  Hydralisk Den  
  80  7:16  Drone x4  
  82  7:38  Drone x3, Extractor  
  82  7:40  Roach x4  
  92  7:46  Roach  
  92  7:47  Roach x6  
  106  8:19  Roach  
  114  8:20  Roach x3  
  114  8:21  Overlord x2  
  114  8:22  Overlord x2  
  114  8:26  Lurker Den  
  113  8:31  Hatchery  
  112  8:34  Hatchery  
  111  8:43  Zerg Missile Weapons Level 2  
  111  9:09  Roach x7  
  131  9:10  Roach x3  
  131  9:17  Spore Crawler  
  131  9:18  Spore Crawler  
  131  9:20  Spore Crawler  
  131  9:22  Spore Crawler x2  
  131  9:24  Spore Crawler  
  123  9:25  Spore Crawler  
  123  9:28  Spore Crawler  
  123  9:30  Spore Crawler x2  
  119  9:35  Zerg Ground Armor Level 2  
  109  9:42  Infestation Pit  
  102  9:45  Queen  
  102  9:48  Drone  
  102  9:49  Drone x9  
  106  9:58  Roach x3  
  84  10:14  Roach  
  84  10:15  Roach x2  
  84  10:16  Roach x4  
  78  10:28  Spore Crawler  
  78  10:31  Spore Crawler  
  78  10:32  Spore Crawler x2  
  74  10:36  Drone x6  
  74  10:38  Drone  
  74  10:39  Drone  
  79  10:55  Spore Crawler  
  79  10:56  Spore Crawler  
  74  11:00  Spore Crawler  
  74  11:01  Spore Crawler  
  68  11:07  Hive  
  68  11:08  Roach  
  68  11:09  Roach x3  
  71  11:21  Roach x4  
  77  11:36  Roach  
  77  11:37  Roach x4  
  87  11:47  Roach  
  87  11:48  Roach x2  
  91  11:59  Queen  
  83  12:06  Drone x4  
  61  12:36  Hatchery  
  54  12:37  Zerg Missile Weapons Level 3  
  54  12:38  Zerg Ground Armor Level 3  
  54  12:46  Hydralisk x3  
  54  12:56  Hydralisk x3  
  58  13:06  Spore Crawler  
  58  13:08  Spore Crawler  
  58  13:09  Spore Crawler  
  58  13:12  Spore Crawler  
  54  13:21  Hydralisk x3  
  60  13:28  Muscular Augments  
  60  13:44  Hydralisk  
  60  13:45  Hydralisk x3  
  60  13:47  Drone  
  69  13:49  Overseer  
  69  14:06  Hydralisk x4  
  77  14:20  Hydralisk x3  
  83  14:35  Hydralisk  
  85  14:45  Hatchery  
  84  14:47  Hydralisk x3  
  90  15:03  Hydralisk x3  
  96  15:20  Drone x9  
  105  15:41  Spore Crawler  
  105  15:42  Spore Crawler  
  103  15:44  Hydralisk x3, Spore Crawler  
  108  16:06  Drone x4  
  108  16:09  Spore Crawler  
  111  16:12  Spore Crawler, Queen  
  111  16:13  Spore Crawler x3  
  109  16:29  Hydralisk  
  111  16:33  Overlord x4  
  111  16:53  Hydralisk x7  
  103  17:08  Hydralisk  
  103  17:09  Hydralisk x3  
  95  17:25  Lurker x2  
  95  17:28  Roach x2  
  95  17:29  Roach x6  
  75  17:53  Lurker x2  
  75  17:57  Hydralisk x7  
  86  18:15  Roach x5  
  86  18:16  Roach, Ravager  
  86  18:17  Ravager  
  102  18:26  Lurker x2  
  102  18:27  Lurker x2  
  102  18:28  Lurker  
  102  18:30  Lurker x2  
  103  18:34  Adaptive Talons  
  76  19:02  Hydralisk x7  
  68  19:04  Lurker  
  68  19:06  Lurker  
  68  19:09  Ravager x2  
  60  19:33  Queen  
  60  19:35  Lurker  
  60  19:36  Lurker x2  
  60  19:37  Lurker  
  66  19:45  Drone x3  
  69  19:46  Drone x3  
  72  19:56  Extractor  
  71  20:01  Extractor  
  70  20:08  Hatchery  
  70  20:09  Queen  
  71  20:16  Lurker  
  71  20:42  Hydralisk x4  
  70  21:06  Lurker  
  70  21:11  Zergling x28  
  72  21:12  Zergling x38  
  72  21:13  Zergling x2  
  105  21:29  Extractor  
  104  21:33  Extractor  
  104  21:34  Drone x3  
  104  21:35  Drone x2  
  104  21:36  Drone  
  104  21:37  Adrenal Glands  
  94  22:27  Lurker x4  
  94  22:29  Zergling x2  
  85  22:30  Zergling x50  
  85  22:31  Zergling x2  
  106  22:47  Lurker  
  105  23:17  Hydralisk x7  
  119  23:20  Overlord x3  
  79  23:42  Zergling x8  
  79  23:43  Zergling x28  
  92  24:03  Hatchery  
  89  24:13  Lurker  
  89  24:14  Lurker  
  91  24:36  Hydralisk x8  
  107  24:45  Lurker x3  
  110  24:46  Lurker  
  110  24:47  Lurker  
  113  25:00  Drone x6  
  70  27:00  Hydralisk x17  
  104  27:01  Hatchery  
Show
View Real Time Build Order
Export as new Build Order

RemindFox Zerg 

Build Orders: Pool First 

Get SALT Encoding   

  12  0:01  Drone  
  13  0:08  Drone  
  14  0:16  Overlord  
  14  0:23  Extractor  
  14  0:35  Drone x3  
  17  0:48  Spawning Pool  
  16  0:53  Extractor  
  16  0:55  Drone  
  16  1:00  Drone  
  17  1:22  Hatchery  
  16  1:37  Zergling x6  
  19  1:45  Queen  
  21  1:49  Zergling x2  
  22  1:56  Metabolic Boost  
  22  2:07  Overlord  
  22  2:26  Baneling Nest  
  21  2:30  Zergling x4  
  22  2:47  Zergling x8  
  26  2:58  Zergling x4  
  26  2:59  Zergling x6  
  31  3:10  Zergling x4  
  33  3:16  Overlord  
  33  3:17  Overlord  
  24  3:41  Drone x6  
  24  3:46  Baneling  
  24  3:47  Baneling  
  30  3:51  Drone  
  31  4:01  Queen  
  27  4:15  Drone  
  27  4:16  Drone x4  
  31  4:24  Drone  
  31  4:30  Zergling x4  
  34  4:41  Zergling x4  
  36  4:48  Drone x2, Extractor  
  36  4:49  Extractor  
  36  4:50  Baneling x2  
  36  4:51  Baneling x2  
  36  4:56  Queen  
  38  5:02  Drone x2  
  38  5:06  Drone x2  
  38  5:07  Drone  
  43  5:13  Drone  
  44  5:22  Overlord x2  
  44  5:25  Lair  
  44  5:29  Overlord  
  44  5:42  Drone x4  
  48  5:52  Drone  
  48  5:56  Roach Warren  
  48  6:00  Extractor  
  48  6:01  Drone  
  48  6:03  Drone x4  
  52  6:12  Overlord  
  50  6:39  Spire  
  49  6:47  Drone x2  
  49  6:48  Drone  
  51  7:02  Hatchery  
  50  7:11  Zergling x14  
  50  7:12  Zergling x4  
  58  7:41  Overlord  
  58  7:42  Overlord  
  58  7:43  Overlord x3  
  58  7:58  Mutalisk x6  
  66  8:09  Mutalisk  
  66  8:10  Mutalisk x5  
  73  8:17  Mutalisk x2  
  77  8:27  Mutalisk x2  
  81  8:36  Hatchery  
  81  8:41  Drone x4  
  84  8:50  Mutalisk x2  
  88  9:00  Mutalisk  
  90  9:03  Drone x3  
  90  9:06  Extractor  
  90  9:08  Drone x3, Extractor  
  94  9:13  Mutalisk  
  96  9:20  Mutalisk  
  98  9:33  Mutalisk  
  100  9:42  Mutalisk  
  99  9:53  Mutalisk  
  99  9:56  Mutalisk  
  99  9:59  Drone x8  
  88  10:14  Drone  
  88  10:15  Drone x4  
  90  10:24  Drone x4  
  94  10:31  Mutalisk  
  94  10:32  Mutalisk x2  
  94  10:34  Queen  
  102  10:37  Hatchery  
  95  10:56  Mutalisk x2  
  93  11:04  Drone x2  
  93  11:05  Drone x3  
  96  11:18  Mutalisk x2  
  85  11:33  Mutalisk  
  73  11:46  Drone x8  
  77  11:47  Drone  
  75  11:56  Mutalisk  
  75  12:00  Drone x2  
  75  12:01  Drone x4  
  69  12:15  Drone x4  
  72  12:24  Spine Crawler  
  72  12:26  Spine Crawler  
  72  12:27  Spine Crawler x4  
  72  12:28  Spine Crawler  
  64  12:33  Drone x3  
  64  12:34  Drone x4  
  71  12:44  Drone x5  
  76  12:56  Drone x4  
  76  12:57  Drone x3  
  83  13:06  Drone x4  
  87  13:19  Mutalisk  
  85  13:20  Mutalisk x2  
  81  13:31  Drone x3  
  81  13:32  Drone x2  
  81  13:33  Drone x4  
  90  13:39  Glial Reconstitution  
  90  13:45  Drone x5  
  95  13:51  Roach  
  95  13:52  Roach x3  
  103  14:01  Extractor  
  103  14:02  Extractor  
  101  14:07  Roach x3  
  103  14:17  Roach x2  
  103  14:20  Roach  
  109  14:29  Roach x2  
  113  14:36  Roach x3  
  113  14:37  Overlord x5  
  119  14:41  Roach  
  119  14:42  Roach x2  
  119  14:44  Roach  
  127  14:52  Roach x3  
  133  14:58  Roach  
  133  14:59  Roach x2  
  129  15:10  Roach x5  
  139  15:19  Hydralisk Den  
  139  15:20  Roach x2  
  144  15:21  Roach  
  144  15:25  Roach x2  
  144  15:26  Roach x2  
  152  15:36  Drone x4  
  152  15:37  Drone x4  
  160  15:48  Roach x3  
  166  15:51  Roach x2  
  164  15:57  Evolution Chamber  
  164  15:58  Drone x5  
  164  16:00  Evolution Chamber  
  164  16:01  Ravager x4  
  164  16:02  Ravager x2  
  173  16:09  Overlord x2  
  173  16:10  Overlord x3  
  173  16:20  Hydralisk  
  173  16:32  Hydralisk x8  
  187  16:37  Zerg Missile Weapons Level 1  
  189  16:45  Muscular Augments  
  189  16:51  Hydralisk x2  
  189  17:07  Hydralisk x4  
  169  17:18  Hydralisk x3  
  169  17:19  Hydralisk x2  
  151  17:39  Hydralisk x2  
  151  17:40  Roach x3  
  151  17:41  Roach x6  
  169  17:51  Roach x4  
  171  17:53  Hydralisk x2  
  171  17:54  Hydralisk  
  171  17:57  Overseer  
  177  18:24  Hatchery  
  176  18:27  Hatchery  
  176  18:29  Hydralisk x2  
  176  18:32  Roach x4  
  176  18:33  Roach x2  
  191  18:35  Pneumatized Carapace  
  191  18:40  Overseer  
  191  18:41  Overseer  
  154  19:05  Roach  
  154  19:06  Hydralisk x2  
  154  19:07  Hydralisk x5  
  123  19:21  Roach x7  
  123  19:22  Roach x2  
  126  19:34  Overlord x2  
  126  19:35  Overlord x2  
  126  19:36  Overseer x2  
  126  19:37  Overseer x2  
  120  19:39  Roach x2  
  120  19:40  Roach x3  
  130  19:45  Hydralisk  
  130  19:46  Hydralisk x5  
  130  19:52  Hydralisk x4  
  144  19:56  Roach x3  
  156  20:06  Hydralisk x3  
  158  20:10  Roach x2  
  158  20:14  Roach x3  
  172  20:18  Ravager  
  173  20:29  Extractor  
  173  20:30  Drone x4, Extractor  
  113  20:48  Roach x6  
  113  20:49  Roach x6  
  123  20:57  Drone x5  
  123  20:58  Drone  
  129  21:08  Roach x4  
  129  21:09  Ravager x2  
  129  21:11  Ravager  
  140  21:13  Ravager x2  
  140  21:14  Ravager x2  
  146  21:25  Ravager x2  
  146  21:53  Roach x6  
  146  21:54  Roach x3  
  164  22:00  Hydralisk x4  
  164  22:01  Hydralisk x3  
  161  22:04  Hatchery  
  161  22:05  Drone x5  
  161  22:06  Drone x3  
  170  22:19  Zerg Missile Weapons Level 2  
  170  22:23  Roach x5  
  170  22:24  Roach x2  
  184  22:37  Drone x4  
  184  22:38  Drone x7  
  195  22:46  Drone  
  195  22:47  Drone  
  195  22:50  Drone  
  198  22:52  Overlord x2  
  176  23:32  Roach x2  
  176  23:33  Roach x8  
  176  23:34  Roach  
  181  23:41  Roach x4  
  144  23:45  Roach x4  
  144  23:46  Roach  
  120  23:55  Roach x3  
  123  23:56  Roach  
  123  24:00  Roach  
  123  24:02  Extractor  
  126  24:03  Extractor  
  126  24:06  Roach x2  
  126  24:07  Roach x3  
  133  24:19  Zergling x6  
  134  24:35  Hydralisk x4  
  134  24:36  Hydralisk  
  144  24:43  Roach x4  
  152  24:50  Zergling x8  
  152  24:51  Zergling x12  
  102  25:18  Roach x3  
  102  25:19  Roach x5  
  109  25:22  Hatchery  
  109  25:24  Mutalisk x4  
  98  25:31  Zergling x10  
  103  25:41  Zergling x8  
  107  25:48  Hatchery  
  107  25:49  Zergling x6  
  98  25:56  Zergling x2  
  72  25:57  Zergling x4  
  72  26:01  Zergling x2  
  68  26:05  Zergling x4  
  68  26:10  Mutalisk  
  68  26:11  Mutalisk  
  71  26:17  Zergling x2  
  71  26:18  Zergling x4  
  74  26:24  Zergling x6  
  77  26:32  Zergling x2  
  77  26:36  Zergling x6  
  70  26:40  Zergling x2  
  70  26:45  Zergling x4  
  68  26:48  Spawning Pool  
  57  26:59  Zergling x6  
  56  27:21  Drone x2  
  51  27:27  Hatchery  
  42  27:30  Hatchery  
  42  27:35  Zergling x4  
  26  27:43  Zergling x2  
  25  27:44  Zergling x2  
  25  27:46  Hatchery  
  24  27:53  Hatchery x2  
Tags
 
Add a new tag
Caveats
  • Supply blocks, unpowered buildings, or Contaminate may cause inaccurate times.
  • Supply counts are checked every 10 seconds.